 Dungeon Crawl Stone Soup version 0.24.0-37-gcf1ca852f1 (webtiles) character file.

Game seed: 3716202497040883763, levelgen mode: deterministic

50600 Mrkan the Basher (level 14, -3/94 HPs)
             Began as a Gargoyle Fighter on Nov 29, 2019.
             Was an Initiate of Gozag.
             Slain by a lindwurm (7 damage)
             ... summoned by Kirke
             ... on level 12 of the Dungeon.
             The game lasted 00:39:56 (21294 turns).

Mrkan the Basher (Gargoyle Fighter)                Turns: 21294, Time: 00:39:57

Health: -3/94      AC:  0    Str: 23    XL:     14   Next: 55%
Magic:  14/14      EV: 13    Int:  9    God:    Gozag
Gold:   4762       SH:  0    Dex: 11    Spells: 13/13 levels left

rFire    . . .     SeeInvis .   (weapon currently unavailable)
rCold    . . .     Gourm    .   (shield currently unavailable)
rNeg     + . .     Faith    .   (armour currently unavailable)
rPois    ∞         Spirit   .   (helmet currently unavailable)
rElec    .         Reflect  .   (cloak currently unavailable)
rCorr    .         Harm     .   (gloves currently unavailable)
MR       +....                  (boots currently unavailable)
Stlth    +.........             (no amulet)
HPRegen  0.25/turn              (ring currently unavailable)
MPRegen  0.14/turn              (ring currently unavailable)

@: pig-form, slowed
A: small, negative energy resistance 1, petrification resistance, rot immunity,
AC +10
a: Potion Petition, Call Merchant, Bribe Branch, Renounce Religion


You were on level 12 of the Dungeon.
You worshipped Gozag.
Gozag was most pleased with you.
You were not hungry.
You were a filthy swine.
You visited 2 branches of the dungeon, and saw 18 of its levels.
You also visited: Ossuary.

You collected 4802 gold pieces.
You paid 40 gold pieces to Gozag.

Inventory:

Hand Weapons
 h - the cursed +1 halberd "Sylo" {chop, rPois rC+ Str+7 Dex-2, unknown}
   (You found it on level 6 of the Lair of Beasts)

   It inflicts extra damage upon your enemies.
   It affects your strength (+7).
   It affects your dexterity (-2).
   It protects you from cold.
   It protects you from poison.
   It has a curse placed upon it.
 y - a +3 mace of crushing (melded)
 G - the +3 hand axe "Rypel" {venom, rF+ rC+}
   (You found it on level 9 of the Dungeon)

   It poisons the flesh of those it strikes.
   It protects you from fire.
   It protects you from cold.
Missiles
 r - 3 boomerangs of dispersal (quivered)
 v - 15 javelins
Armour
 g - a +0 pair of boots (melded)
 C - a +0 plate armour (melded)
 L - a +3 large shield (melded)
 Q - a +1 cloak (melded)
 U - a +0 pair of gloves (melded)
Jewellery
 b - a cursed ring of attention {unknown}
 k - an uncursed ring of flight {unknown}
 q - an uncursed amulet of regeneration {unknown}
 t - an uncursed ring of protection from magic {unknown}
 w - a +5 ring of slaying {unknown}
 H - an uncursed ring of magical power {unknown}
 M - an uncursed ring of poison resistance {unknown}
 R - a cursed ring of teleportation {unknown}
 W - an uncursed ring of ice {unknown}
 Y - a +4 ring of protection {unknown}
Wands
 p - a wand of iceblast (11)
 E - a wand of digging (6)
 F - a wand of flame (23)
 I - a wand of random effects (55)
 O - a wand of polymorph (8)
 P - a wand of disintegration (12)
Scrolls
 c - a scroll of fear
 e - 12 scrolls of identify
 l - a scroll of enchant armour
 m - 2 scrolls of amnesia
 n - 4 scrolls of immolation
 o - 8 scrolls of remove curse
 s - 6 scrolls of teleportation
 u - a scroll of noise
 x - a scroll of blinking
 D - 2 scrolls of fog {unknown}
 S - 3 scrolls of magic mapping
 T - 3 scrolls of enchant weapon
 V - 2 scrolls of brand weapon {unknown}
Potions
 a - 3 potions of agility
 d - a potion of cancellation
 i - a potion of resistance
 j - 14 potions of curing
 A - a potion of brilliance {unknown}
 B - a potion of ambrosia
 J - a potion of lignification
 K - 7 potions of haste
 N - a potion of invisibility {unknown}
 X - 2 potions of might
Comestibles
 f - 24 rations


   Skills:
 + Level 13.2 Fighting
 - Level 14.0 Maces & Flails
 + Level 13.2 Armour
 + Level 13.2 Shields


You had 13 spell levels left.
You didn't know any spells.
Your spell library contained the following spells:

 Spells                   Type           Power        Failure   Level  Hunger
 Animate Skeleton         Necr           N/A          38%         1    ##.....
 Apportation              Tloc           #.....       38%         1    ##.....
 Confusing Touch          Hex            #.....       38%         1    ##.....
 Freeze                   Ice            #...         38%         1    ##.....
 Sting                    Conj/Pois      #...         38%         1    ##.....
 Summon Small Mammal      Summ           #...         38%         1    ##.....
 Poisonous Vapours        Pois/Air       #.....       52%         2    ###....
 Throw Frost              Conj/Ice       #.....       52%         2    ###....
 Mephitic Cloud           Conj/Pois/Air  #.......     77%         3    ####...
 Ozocubu's Armour         Chrm/Ice       #.......     77%         3    ####...
 Olgreb's Toxic Radiance  Pois           #.......     99%         4    #####..
 Summon Ice Beast         Ice/Summ       #.......     99%         4    #####..
 Throw Icicle             Conj/Ice       #.......     99%         4    #####..
 Venom Bolt               Conj/Pois      #.........   100%        5    ######.


Dungeon Overview and Level Annotations

Branches:
Dungeon (12/15)            Temple (0/1) D:4            Lair (6/6) D:11
 Shoals (0/4) Lair:3        Snake (0/4) Lair:3        Slime (0/5) Lair:5
Ossuary (visited)
    Orc: D:9-12

Altars:
Ashenzari
Cheibriados
Gozag
Makhleb
Nemelex Xobeh
Qazlal
Ru
Vehumet
The Shining One

Shops:
D:8 !

Annotations:
D:12 Kirke


Innate Abilities, Weirdness & Mutations

You are resistant to torment.
((Your stone body is resilient. (AC +10)))
You are immune to poison.
((Your large and strong wings let you fly indefinitely.))
You resist negative energy. (rN+)
((You are resistant to electric shocks. (rElec)))
((You can survive without breathing.))
You are immune to petrification.
You are immune to rotting.


Message History

Kirke is severely wounded.
Kirke gestures wildly while chanting.
Kirke summons a lindwurm!
You barely miss Kirke.
Kirke is severely wounded.
Kirke hits you! The lindwurm misses you. x3
You closely miss Kirke.
Kirke is severely wounded.
Kirke hits you!
* * * LOW HITPOINT WARNING * * *
The lindwurm bites you!
* * * LOW HITPOINT WARNING * * *
The lindwurm claws you.
* * * LOW HITPOINT WARNING * * *
The lindwurm closely misses you.
You feel better. Kirke hits you!
* * * LOW HITPOINT WARNING * * *
The lindwurm closely misses you. The lindwurm claws you!
You die...
Your body crumbles into a pile of gold.

#h.# #..#.# #..#.#
#hh#.# #..#.# #..#.#
#..#.#
#####..#h##########
..(......hH@hk.....#
#########.########.#
........# #.#
#######.# #<# ###
###


You could see Kirke, a lindwurm, a harpy and 2 hogs.

Vanquished Creatures
  Nessos (Lair:4)
  3 dire elephants (Lair:6)
  Snorg (D:10)
  Josephine (D:10)
  9 hydras
  An anaconda (Lair:6)
  A two-headed ogre (D:9)
  13 elephants
  3 black mambas
  Joseph (D:7)
  A gargoyle (D:10)
  11 spiny frogs
  4 rime drakes
  10 komodo dragons
  A hornet (D:8)
  2 trolls
  18 blink frogs
  Prince Ribbit (D:7)
  A polar bear (Lair:2)
  7 hippogriffs
  28 yaks
  4 wyverns
  3 hogs (D:12)
  7 wraiths
  9 basilisks
  A hungry ghost (D:9)
  2 nagas (Lair:3)
  Duvessa (D:7)
  An acid dragon (D:9)
  14 water moccasins
  6 orc warriors
  3 ice beasts
  13 porcupines
  An eye of draining (shapeshifter) (D:10)
  A phantom (D:11)
  4 sky beasts
  2 eyes of draining (D:9)
  7 ogres
  3 centaurs
  17 wolves
  15 crocodiles
  A gnoll sergeant (D:5)
  Dowan (D:7)
  18 bullfrogs
  2 water moccasin zombies (Ossuary)
  4 scorpions
  8 killer bees
  A wight (D:9)
  An electric eel (Lair:4)
  8 howler monkeys
  4 crimson imps
  3 hounds
  A bullfrog zombie (D:11)
  7 orc wizards
  6 orc priests
  2 jellies
  2 bullfrog skeletons
  4 centaur skeletons
  Terence (D:2)
  Natasha (thrice) (D:2)
  3 iguanas
  4 worker ants
  A big kobold zombie (Ossuary)
  2 mummies (Ossuary)
  A worker ant zombie (D:9)
  8 gnolls (D:5)
  14 adders
  3 shadow imps
  An ooze (D:4)
  5 adder zombies
  3 worms
  2 dart slugs (D:3)
  5 leopard geckos
  28 orcs
  3 ball pythons
  A bat (D:2)
  5 giant cockroaches
  3 gnoll zombies (Ossuary)
  4 goblins
  5 hobgoblins
  2 jackals (D:9)
  6 kobolds
  3 quokkas
  7 frilled lizards
  4 hobgoblin zombies (Ossuary)
  2 kobold zombies (Ossuary)
  A leopard gecko skeleton (D:4)
  A leopard gecko zombie (D:6)
  5 orc zombies (Ossuary)
  A quokka zombie (D:5)
  6 rats
  4 plants (Lair:6)
452 creatures vanquished.

Vanquished Creatures (others)
  An unseen horror (D:9)
  3 fungi (Lair:4)
  6 plants
10 creatures vanquished.

Grand Total: 462 creatures vanquished

Notes
Turn   | Place    | Note
-------+----------+-------------------------------------------
     0 | D:1      | Mrkan the Gargoyle Fighter began the quest for the Orb.
     0 | D:1      | Reached XP level 1. HP: 14/14 MP: 1/1
   739 | D:1      | Reached XP level 2. HP: 19/19 MP: 2/2
  1146 | D:2      | Reached XP level 3. HP: 23/23 MP: 3/3
  1312 | D:2      | Reached skill level 3 in Maces & Flails
  1312 | D:2      | Reached XP level 4. HP: 29/29 MP: 4/4
  1342 | D:2      | Noticed Natasha
  1356 | D:2      | Killed Natasha
  1759 | D:2      | Noticed Natasha
  1789 | D:2      | Killed Natasha
  1789 | D:2      | Reached XP level 5. HP: 4/33 MP: 5/5
  2137 | D:2      | Noticed Natasha
  2154 | D:2      | Killed Natasha
  2324 | D:2      | Noticed Terence
  2332 | D:2      | Killed Terence
  2757 | D:3      | Found an opulent altar of Gozag.
  2765 | D:3      | Became a worshipper of Gozag Ym Sagoz the Greedy
  2907 | D:3      | Reached skill level 4 in Maces & Flails
  3278 | D:4      | Noticed an ogre
  3285 | D:4      | HP: 1/33 [ogre/+0 giant club (19)]
  3346 | D:4      | Killed an ogre
  3346 | D:4      | Reached XP level 6. HP: 9/39 MP: 6/6
  3604 | D:4      | Found a staircase to the Ecumenical Temple.
  3730 | D:4      | Reached XP level 7. HP: 44/44 MP: 7/7
  3731 | D:4      | Found a stormy altar of Qazlal.
  3885 | D:4      | Reached skill level 5 in Maces & Flails
  4167 | D:4      | Reached skill level 5 in Fighting
  4167 | D:4      | Reached skill level 5 in Armour
  4300 | D:5      | Entered Level 5 of the Dungeon
  4314 | D:5      | Reached skill level 5 in Shields
  5001 | D:5      | Found a sand-covered staircase.
  5019 | Ossuary  | Entered an ossuary
  5103 | Ossuary  | Reached XP level 8. HP: 48/49 MP: 8/8
  5179 | Ossuary  | Reached skill level 6 in Maces & Flails
  6482 | D:6      | Found a burning altar of Makhleb.
  6483 | D:6      | Found a shattered altar of Ashenzari.
  6504 | D:6      | Found a radiant altar of Vehumet.
  6509 | D:6      | Reached skill level 7 in Maces & Flails
  6639 | D:6      | Found a snail-covered altar of Cheibriados.
  6796 | D:6      | Found a sparkling altar of Nemelex Xobeh.
  6806 | D:6      | Reached XP level 9. HP: 56/56 MP: 9/9
  7048 | D:7      | Noticed Duvessa
  7062 | D:7      | Noticed Dowan
  7911 | D:7      | Killed Duvessa
  7911 | D:7      | Reached skill level 8 in Maces & Flails
  7961 | D:7      | Killed Dowan
  8096 | D:7      | Noticed Prince Ribbit
  8117 | D:7      | Killed Prince Ribbit
  8464 | D:7      | Noticed Joseph
  8494 | D:7      | Killed Joseph
  8815 | D:8      | Reached skill level 9 in Maces & Flails
  8815 | D:8      | Reached XP level 10. HP: 63/63 MP: 10/10
  9118 | D:8      | Noticed a lindwurm
  9118 | D:8      | Noticed a lindwurm
  9141 | D:8      | Noticed a lindwurm
  9159 | D:8      | Noticed a lindwurm
  9382 | D:8      | Found Pirut's Distillery.
  9517 | D:8      | Found a glowing golden altar of the Shining One.
  9851 | D:9      | Got a transparent hand axe
  9890 | D:9      | Killed an unseen horror
 10126 | D:9      | Reached skill level 10 in Maces & Flails
 10127 | D:9      | Found a sacrificial altar of Ru.
 10128 | D:9      | Noticed a two-headed ogre
 10137 | D:9      | Killed a two-headed ogre
 10585 | D:9      | Identified the +3 hand axe "Rypel" {venom, rF+ rC+} (You
                  | found it on level 9 of the Dungeon)
 10759 | D:10     | Entered Level 10 of the Dungeon
 10888 | D:10     | Reached XP level 11. HP: 69/69 MP: 11/11
 11115 | D:10     | Reached skill level 11 in Maces & Flails
 11518 | D:10     | Noticed Snorg
 11542 | D:10     | HP: 1/71 [Snorg (6)]
 11554 | D:10     | Killed Snorg
 12427 | D:10     | Noticed Josephine
 12449 | D:10     | Killed Josephine
 13173 | D:11     | Reached skill level 12 in Maces & Flails
 13183 | D:11     | Reached XP level 12. HP: 53/77 MP: 12/12
 13204 | D:11     | Reached skill level 10 in Armour
 13232 | D:11     | Found a staircase to the Lair.
 13465 | Lair:1   | Entered Level 1 of the Lair of Beasts
 13482 | Lair:1   | Reached skill level 10 in Shields
 13538 | Lair:1   | Reached skill level 10 in Fighting
 13854 | Lair:1   | Noticed a six-headed hydra
 13887 | Lair:1   | Killed a six-headed hydra
 14952 | Lair:2   | Noticed a five-headed hydra
 14963 | Lair:2   | Killed a five-headed hydra
 14963 | Lair:2   | Reached skill level 13 in Maces & Flails
 15457 | Lair:2   | Reached XP level 13. HP: 38/84 MP: 13/13
 16240 | Lair:3   | Found a staircase to the Snake Pit.
 16370 | Lair:3   | Found a staircase to the Shoals.
 17063 | Lair:4   | Noticed Nessos
 17123 | Lair:4   | Paralysed by Nessos for 5 turns
 17211 | Lair:4   | Killed Nessos
 17211 | Lair:4   | Reached skill level 14 in Maces & Flails
 18444 | Lair:5   | Found a staircase to the Slime Pits.
 19100 | Lair:5   | Gained mutation: Your large and strong wings let you fly
                  | indefinitely. [Gargoyle growth]
 19100 | Lair:5   | Reached XP level 14. HP: 57/92 MP: 14/14
 19360 | Lair:6   | Entered Level 6 of the Lair of Beasts
 20524 | Lair:6   | Noticed a dire elephant
 20524 | Lair:6   | Noticed a dire elephant
 20554 | Lair:6   | Killed a dire elephant
 20588 | Lair:6   | Killed a dire elephant
 20822 | Lair:6   | Noticed a dire elephant
 20830 | Lair:6   | Got a scorched halberd
 20838 | Lair:6   | Noticed a dire elephant
 20865 | Lair:6   | Killed a dire elephant
 21021 | Lair:6   | Noticed a dire elephant
 21037 | Lair:6   | Noticed a dire elephant
 21263 | D:12     | Noticed Kirke
 21294 | D:12     | HP: 4/94 [Kirke (14)]
 21294 | D:12     | Slain by a lindwurm

Levels and vault maps discovered:
D:1:      mrwooster_arrival_statue_2, layout_basic, grunt_decor_resistance,
          patterned_corridor
D:2:      layout_basic, uniq_natasha, uniq_terence
D:3:      layout_loops_ring, grunt_gozag_statues, first_ration
D:4:      layout_cave_pools, marbit_many_paths, minmay_temple_entry_mist,
          corexii_checkpoint_b, minmay_misc_feat_pillars
D:5:      layout_layer_cave, nicolae_ossuary_entry_false_entrances
D:6:      layout_rooms, nicolae_overflow_crystal_walls,
          nemelex_xobeh_ov_fountains_minmay, nicolae_overflow_hidden_temple
D:7:      layout_rooms, serial_aquarium, aquarium_bridge_square
          [aquarium_subvault_window, aquarium_subvault_bridge,
          aquarium_subvault_bridge, aquarium_subvault_window],
          aquarium_window_fake, aquarium_window_1, aquarium_view_2e,
          aquarium_balcony_5a, aquarium_pool_2, uniq_duvessa,
          uniq_prince_ribbit1, uniq_joseph
D:8:      layout_loops_ring, serial_shops, kennysheep_mini_moat, basic_altar,
          grunt_ogre_cave, minmay_lindwurm_lava
D:9:      minmay_evil_eye, layout_loops_ring, lemuel_doored_altar
D:10:     minmay_opposing_rooms, layout_stronghold, uniq_josephine, uniq_snorg
D:11:     layout_basic, david_lair_generic, serial_glass, glass_columns_b,
          glass_columns_c
D:12:     layout_basic, orc_0_dummy, serial_shops, kennysheep_mini,
          kennysheep_little_box, nicolae_shop_crystal, nicolae_shop_trees,
          uniq_urug, uniq_kirke
Lair:1:   layout_loops_ring, chequers_serial_rivers_room_a, grunt_megastairs_3
Lair:2:   layout_long_grid, grunt_megastairs_5
Lair:3:   layout_gridlike, elwin_shoals_entry_rocks, guppyfry_snake_entry_island
Lair:4:   layout_gridlike, gauntlet_entry_generic,
          chequers_serial_rivers_micro_d, serial_bayou_shore_b, uniq_nessos
Lair:5:   layout_gridlike, slime_dummy, cheibrodos_lair_caveside_slide,
          kennysheep_basilisk_garden
Lair:6:   due_jungle_book, layout_long_grid

Skill      XL: |  1  2  3  4  5  6  7  8  9 10 11 12 13 14 |
---------------+-------------------------------------------+-----
Maces & Flails | 3 4 5 7 9 10 12 13 14 | 14.0
Fighting       | 4 5 6 7 8 9 10 12 13 | 13.2
Armour         | 4 5 6 7 8 9 11 12 13 | 13.2
Shields        | 4 5 6 7 8 9 11 12 13 | 13.2

Action                   |  1- 3 |  4- 6 |  7- 9 | 10-12 | 13-15 || total
-------------------------+-------+-------+-------+-------+-------++-------
Melee: Flail             |   108 |   181 |    29 |       |       ||   318
       Mace              |       |       |   480 |  1161 |  1051 ||  2692
       Unarmed           |       |       |       |       |    13 ||    13
  Use: Potion            |       |     1 |     1 |     4 |     4 ||    10
       Scroll            |       |       |     8 |    15 |     1 ||    24
 Stab: Distracted        |       |       |       |     4 |     4 ||     8
  Eat: Chunk             |     1 |     6 |       |       |       ||     7
       Ration            |       |     1 |     5 |     8 |     6 ||    20
Armor: Scale mail        |    71 |    70 |   161 |       |       ||   302
       Plate armour      |       |       |   216 |   454 |   505 ||  1175
       Skin              |       |       |       |       |     3 ||     3
Dodge: Dodged            |    34 |    55 |   166 |   100 |   124 ||   479
Block: Shield            |    54 |    90 |   365 |   146 |       ||   655
       Large shield      |       |       |       |   792 |  1063 ||  1855
